 Dungeon Crawl Stone Soup version 0.23.2-33-g5129a83184 (webtiles) character file.

Game seed: 4651216558584333672

7442 Lauz the Basher (level 11, -2/68 HPs)
             Began as a Gargoyle Fighter on July 10, 2019.
             Was an Elder of Vehumet.
             Slain by a two-headed ogre
             ... wielding a +0 giant club
              (13 damage)
             ... on level 9 of the Dungeon.
             The game lasted 00:32:08 (12115 turns).

Lauz the Basher (Gargoyle Fighter)                 Turns: 12115, Time: 00:32:08

Health: -2/68      AC: 20    Str: 22    XL:     11   Next: 15%
Magic:  15/15      EV: 10    Int: 10    God:    Vehumet [****..]
Gold:   588        SH: 11    Dex:  9    Spells: 12/16 levels left

rFire    . . .     SeeInvis .   a - +0 flail
rCold    . . .     Gourm    .   c - +0 shield
rNeg     + . .     Faith    .   b - +0 scale mail
rPois    ∞         Spirit   .   v - +0 helmet
rElec    +         Reflect  .   (no cloak)
rCorr    .         Harm     .   d - +0 pair of gloves
MR       .....                  n - +1 pair of boots
Stlth    ..........             (no amulet)
HPRegen  0.21/turn              (no ring)
MPRegen  0.14/turn              (no ring)

@: no status effects
A: negative energy resistance 1, electricity resistance, unbreathing,
petrification resistance, rot immunity, AC +8
a: Renounce Religion


You were on level 9 of the Dungeon.
You worshipped Vehumet.
Vehumet was greatly pleased with you.
You were not hungry.

You visited 2 branches of the dungeon, and saw 11 of its levels.

You collected 588 gold pieces.

Inventory:

Hand Weapons
 a - a +0 flail (weapon)
 q - the +11 short sword of Awkwardness {protect, MR+}
   (You found it on level 4 of the Dungeon)

   It protects the one who uses it against injury (+AC on strike).
   It affects your resistance to hostile enchantments.
Armour
 b - a +0 scale mail (worn)
 c - a +0 shield (worn)
 d - a +0 pair of gloves (worn)
 n - a +1 pair of boots (worn)
 v - a +0 helmet (worn)
Magical Staves
 B - an uncursed staff of poison {unknown}
Jewellery
 r - an uncursed ring of stealth
 D - an uncursed amulet of guardian spirit {unknown}
 E - an uncursed ring of fire {unknown}
Wands
 w - a wand of flame (27)
 y - a wand of iceblast (2)
 F - a wand of polymorph (10)
Scrolls
 e - 5 scrolls of remove curse
 g - 2 scrolls of enchant armour
 h - 7 scrolls of identify
 i - a scroll of random uselessness {unknown}
 l - a scroll of fog
 s - a scroll of magic mapping {unknown}
 u - 3 scrolls of enchant weapon {unknown}
 C - a scroll of brand weapon {unknown}
 H - a scroll of blinking {unknown}
 I - a scroll of fear {unknown}
Potions
 j - 3 potions of agility {unknown}
 k - a potion of cancellation {unknown}
 m - a potion of haste {unknown}
 o - 3 potions of heal wounds {unknown}
 p - a potion of mutation {unknown}
 t - 2 potions of lignification {unknown}
 x - a potion of resistance {unknown}
 z - 2 potions of curing {unknown}
 A - a potion of ambrosia {unknown}
 G - 2 potions of might
Comestibles
 f - 9 rations


   Skills:
 * Level 7.9 Fighting
 + Level 9.6 Maces & Flails
 + Level 7.1 Armour
 + Level 3.8 Dodging
 + Level 8.9 Shields
 * Level 3.0 Spellcasting
 * Level 3.7 Conjurations
 * Level 4.2 Earth Magic
 - Level 0.6 Evocations


You had 12 spell levels left.
You knew the following spells:

 Your Spells              Type           Power        Failure   Level  Hunger
a - Magic Dart            Conj           #...         9%          1    #......
b - Stone Arrow           Conj/Erth      #.....       21%         3    ###....

Your spell library contained the following spells:

 Spells                   Type           Power        Failure   Level  Hunger
 Airstrike                Air            #.........   96%         4    #####..
 Conjure Flame            Conj/Fire      #.......     45%         3    ###....
 Mephitic Cloud           Conj/Pois/Air  #.......     52%         3    ###....
 Blink                    Tloc           N/A          91%         2    ###....
 Call Imp                 Summ           #.......     91%         2    ###....
 Slow                     Hex            #.......     91%         2    ###....


Dungeon Overview and Level Annotations

Branches:
Dungeon (10/15)            Temple (1/1) D:4
   Lair: D:8-11         Orc: D:9-12

Altars:
Ashenzari
Gozag
Kikubaaqudgha
Makhleb
Nemelex Xobeh
Okawaru
Ru
Uskayaw
Vehumet
Wu Jian
Xom
Yredelemnul
Zin

Annotations:
D:7 1 runed translucent door, Hycrow's ghost, novice DECj


Innate Abilities, Weirdness & Mutations

You are resistant to torment.
Your stone body is resilient. (AC +8)
You are immune to poison.
You resist negative energy. (rN+)
You are resistant to electric shocks. (rElec)
You can survive without breathing.
You are immune to petrification.
You are immune to rotting.


Message History

Confirm with . or Enter, or press ? or * to list all spells.
Aiming: Stone Arrow (safe; 21% risk of failure)
Press: ? - help, Shift-Dir - straight line, f - two-headed ogre
Aim: a two-headed ogre, wielding a +0 giant club and a +0 giant spiked club (heavily wounded)
Okay, then.
You hit the two-headed ogre.
The two-headed ogre is heavily wounded.
You block the two-headed ogre's attack. x2
You hit the two-headed ogre.
The two-headed ogre is heavily wounded.
The two-headed ogre hits you with a +0 giant club.
The two-headed ogre barely misses you.
You barely miss the two-headed ogre.
The two-headed ogre is heavily wounded.
You hit the two-headed ogre.
The two-headed ogre is heavily wounded.
The two-headed ogre hits you with a +0 giant club!!
* * * LOW HITPOINT WARNING * * *
The two-headed ogre hits you with a +0 giant spiked club!
You die...

........##.###'##
#.........
###..#####.# #.#
#.########
#...Z....# #.#
#.#
#...o..Zo###.##
#.#
########.##...##
#.# #.#.....# #.#
#.##...## #.#
#.....#########.#
#####..@O.......#
#.########### #.#
#.# #.# #.#
#########.#
#.........#
#.#.......#
########


You could see a two-headed ogre.

Vanquished Creatures
  Psyche (D:8)
  Joseph (D:7)
  A hippogriff (D:10)
  A shadow (D:9)
  4 wyverns
  6 yaks
  2 hungry ghosts (D:9)
  A black bear (D:9)
  A swamp drake (D:10)
  An orc warrior (D:8)
  The ghost of Grendash the Shield-Bearer, an amateur DDFi (D:4)
  2 necrophages (D:10)
  An eye of draining (D:9)
  3 ogres
  2 sky beasts
  3 phantoms (D:5)
  A centaur (D:8)
  A crocodile (D:10)
  2 big kobolds
  5 bullfrogs
  A gnoll sergeant (D:9)
  A water moccasin zombie (D:10)
  2 scorpions
  16 killer bees
  5 wights (D:6)
  3 howler monkeys (D:8)
  6 crimson imps
  3 hounds
  5 orc priests
  A quasit (D:10)
  A bullfrog zombie (D:6)
  2 jellies
  3 centaur skeletons
  3 bullfrog skeletons
  2 iguanas
  10 orc wizards
  5 worker ants
  2 hound skeletons
  2 worker ant zombies (D:7)
  8 gnolls
  11 adders
  3 oozes
  An adder zombie (D:8)
  An adder skeleton (D:8)
  5 worms
  A dart slug (D:2)
  5 leopard geckos
  29 orcs
  2 ball pythons
  4 bats
  7 giant cockroaches
  10 goblins
  7 hobgoblins
  22 jackals
  10 kobolds
  6 quokkas
  5 frilled lizards
  2 leopard gecko zombies (D:5)
  13 rats
265 creatures vanquished.

Vanquished Creatures (others)
  A kobold (D:9)
1 creature vanquished.

Grand Total: 266 creatures vanquished

Notes
Turn   | Place    | Note
-------+----------+-------------------------------------------
     0 | D:1      | Lauz the Gargoyle Fighter began the quest for the Orb.
     0 | D:1      | Reached XP level 1. HP: 14/14 MP: 1/1
   151 | D:1      | Reached XP level 2. HP: 19/19 MP: 2/2
   547 | D:1      | Reached XP level 3. HP: 23/23 MP: 3/3
  1259 | D:2      | Reached skill level 3 in Maces & Flails
  1259 | D:2      | Reached XP level 4. HP: 27/29 MP: 4/4
  2583 | D:4      | Reached XP level 5. HP: 33/33 MP: 5/5
  2588 | D:4      | Found an iron altar of Okawaru.
  2589 | D:4      | Found a hide-covered altar of Uskayaw.
  2589 | D:4      | Found a burning altar of Makhleb.
  2591 | D:4      | Found a shattered altar of Ashenzari.
  2591 | D:4      | Found a shimmering altar of Xom.
  2622 | D:4      | Found a runed translucent door.
  2623 | D:4      | Noticed Grendash's ghost (amateur DDFi)
  2651 | D:4      | Got a fine short sword
  2652 | D:4      | Identified the +11 short sword of Awkwardness {protect,
                  | MR+} (You found it on level 4 of the Dungeon)
  2798 | D:4      | Found a staircase to the Ecumenical Temple.
  2880 | D:5      | Entered Level 5 of the Dungeon
  2913 | Temple   | Entered the Ecumenical Temple
  2930 | Temple   | Became a worshipper of Vehumet
  3109 | D:4      | Killed Grendash's ghost
  3109 | D:4      | Reached skill level 4 in Maces & Flails
  3109 | D:4      | Reached skill level 1 in Dodging
  3109 | D:4      | Reached XP level 6. HP: 2/38 MP: 6/6
  3633 | D:5      | Noticed a phantom
  3685 | D:5      | Killed a phantom
  3755 | D:5      | Noticed a sky beast
  3786 | D:5      | Killed a sky beast
  3786 | D:5      | Reached XP level 7. HP: 42/43 MP: 7/7
  3966 | D:5      | Reached skill level 5 in Maces & Flails
  3966 | D:5      | Reached skill level 5 in Shields
  4001 | D:5      | Reached * piety under Vehumet
  4001 | D:5      | Offered knowledge of Freeze by Vehumet.
  4050 | D:5      | Reached skill level 5 in Armour
  4416 | D:5      | Reached XP level 8. HP: 48/48 MP: 8/8
  4468 | D:5      | Learned a level 1 spell: Magic Dart
  5202 | D:6      | Reached skill level 6 in Maces & Flails
  5232 | D:6      | Reached skill level 5 in Fighting
  6034 | D:7      | Offered knowledge of Throw Frost by Vehumet.
  6036 | D:7      | Reached ** piety under Vehumet
  6211 | D:7      | Reached skill level 7 in Maces & Flails
  6251 | D:7      | Reached XP level 9. HP: 54/55 MP: 9/9
  6354 | D:7      | Noticed Joseph
  6620 | D:7      | Killed Joseph
  6919 | D:7      | Found a runed translucent door.
  6920 | D:7      | Noticed Hycrow's ghost (novice DECj)
  7054 | D:7      | Offered knowledge of Stone Arrow by Vehumet.
  7054 | D:7      | Reached skill level 8 in Maces & Flails
  7123 | D:7      | Learned a level 3 spell: Stone Arrow
  7327 | D:8      | Noticed Psyche
  7334 | D:8      | Killed Psyche
  7401 | D:8      | Reached *** piety under Vehumet
  7793 | D:8      | Reached XP level 10. HP: 51/61 MP: 10/10
  7826 | D:8      | Reached skill level 1 in Earth Magic
  8036 | D:8      | Found a basalt altar of Yredelemnul.
  8224 | D:9      | Reached skill level 1 in Conjurations
  8249 | D:9      | Offered knowledge of Inner Flame by Vehumet.
  8373 | D:8      | Reached skill level 9 in Maces & Flails
  8373 | D:8      | Reached skill level 1 in Spellcasting
  9563 | D:9      | Reached **** piety under Vehumet
  9619 | D:9      | Offered knowledge of Airstrike by Vehumet.
 10451 | D:10     | Entered Level 10 of the Dungeon
 10820 | D:10     | Reached XP level 11. HP: 68/68 MP: 7/14
 11834 | D:10     | Noticed a two-headed ogre
 12115 | D:9      | Slain by a two-headed ogre

Skill      XL: |  1  2  3  4  5  6  7  8  9 10 11 |
---------------+----------------------------------+-----
Maces & Flails | 3 4 5 7 8 9 |  9.6
Armour         | 4 5 6 7 |  7.1
Fighting       | 4 5 6 7 |  7.9
Dodging        | 1 2 3 |  3.8
Shields        | 4 5 6 8 |  8.9
Earth Magic    | 3 4 |  4.2
Conjurations   | 3 |  3.7
Spellcasting   | 2 3 |  3.0
Evocations     | |  0.6

Action                   |  1- 3 |  4- 6 |  7- 9 | 10-12 || total
-------------------------+-------+-------+-------+-------++-------
Melee: Flail             |   156 |   261 |   675 |   574 ||  1666
 Cast: Stone Arrow       |       |       |       |    40 ||    40
       Magic Dart        |       |       |       |    16 ||    16
Evoke: Wand              |       |       |     5 |       ||     5
  Use: Potion            |       |     1 |     1 |       ||     2
       Scroll            |       |       |     6 |       ||     6
  Eat: Chunk             |     1 |     9 |     8 |    14 ||    32
       Ration            |       |       |     2 |     4 ||     6
Armor: Scale mail        |    75 |   132 |   337 |   271 ||   815
Dodge: Dodged            |    42 |    67 |   219 |   238 ||   566
Block: Shield            |    82 |   130 |   353 |   378 ||   943
